 Dungeon Crawl Stone Soup version 0.24-a0-201-gf205589 (webtiles) character file.

Game seed: 10144776836535252362

224 Lanoc the Chopper (level 5, -1/46 HPs)
             Began as a Draconian Gladiator on Mar 23, 2019.
             Slain by a slave (8 damage)
             ... led by Pikel
             ... on level 3 of the Dungeon.
             The game lasted 00:04:05 (1933 turns).

Lanoc the Chopper (Draconian Gladiator)             Turns: 1933, Time: 00:04:06

Health: -1/46      AC:  6    Str: 16    XL:     5   Next: 67%
Magic:  5/5        EV: 13    Int:  9    God:
Gold:   217        SH:  0    Dex: 13    Spells: 4/4 levels left

rFire    . . .     SeeInvis .   a - +0 war axe
rCold    . . .     Gourm    .   (no shield)
rNeg     + . .     Faith    .   (armour unavailable)
rPois    .         Spirit   .   b - +1 hat
rElec    .         Reflect  .   (no cloak)
rCorr    .         Harm     .   (no gloves)
MR       .....     Rnd*Tele +   (no boots)
Stlth    +.........             (no amulet)
HPRegen  0.15/turn              n - ring of teleportation (curse)
MPRegen  0.09/turn              k - ring of positive energy

@: no status effects
A: unfitting armour, cold-blooded, AC +5
a: no special abilities


You were on level 3 of the Dungeon.
You were hungry.

You visited 1 branch of the dungeon, and saw 4 of its levels.

You collected 217 gold pieces.

Inventory:

Hand Weapons
 a - a +0 war axe (weapon)
Missiles
 c - 3 throwing nets (quivered)
Armour
 b - a +1 hat (worn)
Jewellery
 k - a ring of positive energy (right hand)
 n - a cursed ring of teleportation (left hand)
Potions
 e - a potion of agility
 h - a potion of might
 l - a potion of mutation
Comestibles
 d - a ration
 f - a chunk of flesh


   Skills:
 + Level 3.7 Fighting
 * Level 5.0 Axes
 - Level 1.7 Throwing
 + Level 3.7 Dodging


You had 4 spell levels left.
You didn't know any spells.
Your spell library was empty.

Dungeon Overview and Level Annotations

Branches:
Dungeon (4/15)
 Temple: D:4-7

Altars:
Dithmenos
Gozag
Trog
Yredelemnul

Annotations:
D:4 Pikel


Innate Abilities, Weirdness & Mutations

Your plain brown scales are hard. (AC +5)
You cannot fit into any form of body armour.
You are cold-blooded and may be slowed by cold attacks.


Message History

The slave is severely wounded.
The slave barely misses you. The slave hits you!
* * * LOW HITPOINT WARNING * * *
You feel better. The slave closely misses you.
You hit the slave but do no damage.
The slave is severely wounded.
The slave barely misses you.
You miss the slave.
The slave is severely wounded.
The slave hits you.
* * * LOW HITPOINT WARNING * * *
You barely miss the slave.
Your tail-slap misses the slave.
The slave is severely wounded.
The slave barely misses you.
You hit the slave but do no damage. You tail-slap the slave.
The slave is severely wounded.
The slave hits you.
* * * LOW HITPOINT WARNING * * *
The slave hits you!
You die...

#.#.# #.#.# #.#.# #.#.# #.#.###
#.#.#.############
#.#.#............#
#.#.#.##########.# ....#.# #@#
....#.# #p# )..)#.# #.# #########
....#.#### #.# #.......#
....#....# #.# #.#####.###
#####....# #.# #.#.......#
.........#######.#####.#.#.#.#.#
................>............#.#
##.#############.#############.##


You could see a slave.

Vanquished Creatures
  An ogre (D:4)
  A hound skeleton (D:4)
  2 adders (D:3)
  3 gnolls (D:3)
  2 worms (D:3)
  2 dart slugs (D:2)
  2 leopard geckos
  6 orcs
  6 bats
  5 giant cockroaches
  2 hobgoblins
  7 jackals (D:3)
  2 kobolds
  3 ball pythons
  7 frilled lizards
  6 goblins
  10 rats
67 creatures vanquished.

Notes
Turn   | Place    | Note
-------+----------+-------------------------------------------
     0 | D:1      | Lanoc the Draconian Gladiator began the quest for the Orb.
     0 | D:1      | Reached XP level 1. HP: 17/17 MP: 1/1
    27 | D:1      | Reached XP level 2. HP: 21/25 MP: 2/2
   194 | D:2      | Found an opulent altar of Gozag.
   365 | D:2      | Reached XP level 3. HP: 28/30 MP: 3/3
   510 | D:3      | HP: 1/30 [orc/+0 war axe (4)]
   873 | D:3      | Reached skill level 4 in Axes
   885 | D:3      | Found a shadowy altar of Dithmenos.
  1014 | D:3      | Reached XP level 4. HP: 35/38 MP: 4/4
  1282 | D:3      | Found a basalt altar of Yredelemnul.
  1362 | D:3      | Found a bloodstained altar of Trog.
  1363 | D:3      | Noticed a moth of wrath
  1824 | D:4      | Reached XP level 5. HP: 44/45 MP: 5/5
  1855 | D:4      | Noticed an ogre
  1860 | D:4      | Killed an ogre
  1860 | D:4      | Reached skill level 5 in Axes
  1870 | D:4      | Noticed a slave
  1870 | D:4      | Noticed a slave
  1870 | D:4      | Noticed a slave
  1870 | D:4      | Noticed a slave
  1878 | D:4      | Noticed Pikel
  1921 | D:3      | HP: 2/46 [slave[Pikel] (8)]
  1933 | D:3      | Slain by a slave

Levels and vault maps discovered:
D:1:      dpeg_arrival_rhombi, layout_rooms, serial_park_tiny_pond
D:2:      layout_loops_ring, nicolae_gozag_seed_capital,
          grunt_decor_mini_mirrors, minivault_23, minmay_misc_feat_hallway,
          trog_butcher_becter
D:3:      layout_basic, tgw_trog, yredelemnul_altar_generic,
          nicolae_dithmenos_through_a_glass_darkly
D:4:      layout_rooms, first_ration, uniq_pikel, uniq_duvessa

Skill      XL: |  1  2  3  4  5 |
---------------+----------------+-----
Dodging        | 3 |  3.7
Axes           | 4 5 |  5.0
Fighting       | 3 |  3.7
Throwing       | |  1.7

Action                   |  1- 3 |  4- 6 || total
-------------------------+-------+-------++-------
Melee: War axe           |   121 |    75 ||   196
       Tailslap          |     9 |     8 ||    17
  Use: Scroll            |     6 |     2 ||     8
       Potion            |       |     1 ||     1
 Stab: Sleeping          |     1 |       ||     1
  Eat: Chunk             |       |     3 ||     3
Armor: Skin              |    33 |    22 ||    55
Dodge: Dodged            |   108 |    59 ||   167

Table legend:
 A = Non-vault XP
 B = Vault XP
 C = Vault XP percentage of total XP
 D = Non-vault monster count
 E = Vault monster count
 F = Vault count percentage of total count
                 A         B        C        D         E       F
            +---------+---------+-------+---------+---------+-------
      Total |     308 |      13 |   4.0 |      62 |       5 |   7.5
            +---------+---------+-------+---------+---------+-------
        D:1 |      23 |       0 |   0.0 |      15 |       0 |   0.0
        D:2 |      19 |       0 |   0.0 |      11 |       0 |   0.0
        D:3 |     120 |      13 |   9.8 |      31 |       5 |  13.9
        D:4 |     146 |       0 |   0.0 |       5 |       0 |   0.0
            +---------+---------+-------+---------+---------+-------
